 Dungeon Crawl Stone Soup version 0.31-a0-161-gb58dd9be76 (webtiles) character file.

Game seed: 11727863832753852037

98 qw the Shooter (level 4, -2/28 HPs)
             Began as a Gargoyle Hunter on June 12, 2023.
             Killed from afar by an orc wizard (5 damage)
             ... with a magic dart
             ... on level 3 of the Dungeon.
             The game lasted 00:00:46 (1649 turns).

qw the Shooter (Gargoyle Hunter)                    Turns: 1649, Time: 00:00:47

Health: -2/28      AC:  7    Str: 14    XL:     4   Next: 71%
Magic:  4/4        EV: 11    Int: 10    God:
Gold:   176        SH:  0    Dex: 15    Spells: 3/3 levels left

rFire   . . .        Y - +0 shortbow
rCold   . . .        (shield currently unavailable)
rNeg    + . .        c - +0 leather armour
rPois   inf          (no helmet)
rElec   +            h - +0 cloak
rCorr   .            (no gloves)
SInv    .            (no boots)
Will    .....        (no amulet)
Stlth   +            (no ring)
HPRegen 0.24/turn    (no ring)
MPRegen 0.09/turn

%: no passive effects
@: confused
A: sickness immunity, AC +3, negative energy resistance 1, electricity
resistance, torment resistance 1, petrification resistance
a: no special abilities


You were on level 3 of the Dungeon.
You visited 1 branch of the dungeon, and saw 3 of its levels.

You collected 176 gold pieces.


Innate Abilities, Weirdness & Mutations

You are immune to sickness and miasma.
Your stone body is resilient. (AC +3)
You are immune to poison.
You resist negative energy. (rN+)
You are resistant to electric shocks. (rElec)
You are resistant to unholy torment.
You are immune to petrification.


   Skills:
 - Level 3.0 Fighting
 + Level 5.6 Ranged Weapons
 - Level 1.5 Dodging
 - Level 1.1 Stealth


You had 3 spell levels left.
You didn't know any spells.
Your spell library was empty.

Inventory:

Hand Weapons
 Y - a +0 shortbow (weapon)
Armour
 c - a +0 leather armour (worn)
 h - a +0 cloak (worn)
Potions
 a - a potion of lignification {unknown}
 b - a potion of invisibility {unknown}
 d - a potion of resistance {unknown}
 e - a potion of magic {unknown}
 f - 2 potions of curing {unknown}
 g - a potion of enlightenment {unknown}
 i - a potion of cancellation {unknown}
 j - a potion of attraction {unknown}

Dungeon Overview and Level Annotations

Branches:
Dungeon (3/15)

Altars:


Message History

You shoot an arrow.
The arrow closely misses the orc wizard.
The orc wizard hits you with a +0 dagger.
The orc closely misses you.
You shoot an arrow. The arrow barely misses the orc wizard.
The orc wizard casts a spell at you. You resist with some effort.
The orc barely misses you.
You shoot an arrow. The arrow hits the orc wizard.
The orc wizard is moderately wounded.
The orc wizard gestures at you while chanting.
You resist with some effort. The orc hits you but does no damage.
You shoot an arrow.
The arrow closely misses the orc wizard.
A bat comes into view.
The orc wizard hits you but does no damage.
The orc hits you but does no damage. The orc wizard barely misses you.
The orc misses you.
You shoot an arrow. The arrow barely misses the orc wizard.
The orc wizard casts a spell.
The orc wizard flickers and vanishes!
Deactivating autopickup; reactivate with Ctrl-A.
The orc closely misses you.
You shoot an arrow. The arrow hits the orc!
You kill the orc!
The bat hits you but does no damage. Something hits you but does no damage.
You shoot an arrow. The arrow hits the orc.
The orc is severely wounded.
The orc hits you but does no damage. Something hits you but does no damage.
You shoot an arrow. The arrow hits the orc.
You kill the orc!
The bat hits you but does no damage. Something hits you but does no damage.
The bat closely misses you.
An orc wizard comes into view. It is wielding a +0 dagger.
You hear some strange, mumbled words.
You are confused.
The orc wizard shouts!
The bat closely misses you. Something hits you. The bat misses you.
The orc wizard gestures at you while chanting.
The magic dart hits you.
You die...

### #.# ..#####
#.# ......# #.#
#.###.# #.#
....#.# #.#
#.#.#.####.#######
#.#..[%..........#
#.###.##.....###.#
..###.###...## #@#
......# ##.##
#.{)# ####### #.#
#)#b.. ### #.# #.
.##.. ..# #+# ##
## .o. ..# .. ..#
. .## .)####


You could see an orc wizard and a bat.

Vanquished Creatures
  4 adders
  A dart slug (D:2)
  2 orcs (D:3)
  6 ball pythons
  3 endoplasms
  4 giant cockroaches
  8 hobgoblins
  4 jackals (D:1)
  4 kobolds
  A quokka (D:2)
  3 bats (D:2)
  5 frilled lizards
  5 goblins
  6 rats
56 creatures vanquished.

Notes
Turn   | Place    | Note
-------+----------+-------------------------------------------
     0 | D:1      | qw the Gargoyle Hunter began the quest for the Orb.
     0 | D:1      | Reached XP level 1. HP: 12/12 MP: 1/1
     0 | D:1      | 0 ||| qw: Version: 0.2-a-29-gc1b59c4
     0 | D:1      | 0 ||| qw: Game counter: 4245
     0 | D:1      | 0 ||| qw: Always use a shield: true
     0 | D:1      | 0 ||| qw: God list: Okawaru
     0 | D:1      | 0 ||| qw: Allow faded altars: false
     0 | D:1      | 0 ||| qw: Do Orc after D:15 true
     0 | D:1      | 0 ||| qw: Do second Lair branch before Depths: true
     0 | D:1      | 0 ||| qw: Lair rune preference: random
     0 | D:1      | 0 ||| qw: Plans: Normal, Zot:1-4, Slime:5, God:TSO, Crypt,
                  | Tomb, Abyss, Pan, Hells, Win
     0 | D:1      | 0 ||| PLANNING D:1-11
    62 | D:1      | Reached XP level 2. HP: 12/17 MP: 2/2
    71 | D:1      | 71 ||| FLEEEEING.
   164 | D:1      | 164 ||| FLEEEEING.
   165 | D:1      | 165 ||| FLEEEEING.
   166 | D:1      | 166 ||| FLEEEEING.
   167 | D:1      | 167 ||| FLEEEEING.
   168 | D:1      | 168 ||| FLEEEEING.
   497 | D:1      | Reached XP level 3. HP: 21/21 MP: 3/3
   758 | D:1      | 758 ||| UPGRADING to +0 cloak.
   763 | D:1      | 763 ||| READING scroll labelled ROAMAA CECU.
   764 | D:1      | 764 ||| READING scroll labelled OTEDAQ ICLEDU.
   765 | D:1      | 765 ||| READING scroll labelled TYEFFU FULUL.
   766 | D:1      | 766 ||| READING scroll labelled HULEFF QUNU.
   767 | D:1      | 767 ||| DROPPING scroll of butterflies.
   820 | D:2      | Reached skill level 5 in Ranged Weapons
   958 | D:2      | Reached skill level 3 in Fighting
   970 | D:2      | Reached XP level 4. HP: 28/28 MP: 4/4
   986 | D:2      | 986 ||| READING 3 scrolls labelled LAAHUDD HOZURR.
   987 | D:2      | 987 ||| DROPPING 2 scrolls of revelation.
  1407 | D:2      | 1407 ||| DROPPING ring of flight.
  1636 | D:3      | HP: 7/28 [orc wizard/+0 dagger (2)]
  1639 | D:3      | HP: 3/28 [orc wizard/magic dart (2)]
  1640 | D:3      | HP: 1/28 [orc wizard/+0 dagger (2)]
  1648 | D:3      | HP: 2/28 [something (1)]
  1649 | D:3      | Killed from afar by an orc wizard

Levels and vault maps discovered:
D:1:      dpeg_arrival_tiny_a, layout_loops_ring, minmay_hedge_maze
D:2:      layout_loops_cross, minmay_misc_feat_secret_circle, minmay_surrounded
D:3:      layout_loops_corners

Skill      XL: |  1  2  3 |
---------------+----------+-----
Ranged Weapons | 5 |  5.6
Fighting       | 3 |  3.0
Dodging        | |  1.5
Stealth        | |  1.1

Action                     |  1- 3 |  4- 6 || total
---------------------------+-------+-------++-------
   Fire: Shortbow          |   106 |    71 ||   177
    Use: Scroll            |     4 |     1 ||     5
 Armour: Leather armour    |    21 |    17 ||    38
  Dodge: Dodged            |    22 |    22 ||    44

Table legend:
 A = Non-vault XP
 B = Vault XP
 C = Vault XP percentage of total XP
 D = Non-vault monster count
 E = Vault monster count
 F = Vault count percentage of total count
                 A         B        C        D         E       F
            +---------+---------+-------+---------+---------+-------
      Total |     135 |       6 |   4.3 |      52 |       4 |   7.1
            +---------+---------+-------+---------+---------+-------
        D:1 |      38 |       0 |   0.0 |      22 |       0 |   0.0
        D:2 |      71 |       6 |   7.8 |      23 |       4 |  14.8
        D:3 |      26 |       0 |   0.0 |       7 |       0 |   0.0
            +---------+---------+-------+---------+---------+-------
